 Dungeon Crawl Stone Soup version 0.21-a0-349-g0c35859 (webtiles) character file.

89 tidbits the Charmwright (level 4, -1/38 HPs)
             Began as a Gnoll Skald on Oct 8, 2017.
             Killed by divine providence
             ... invoked by an orc priest
              (12 damage)
             ... on level 3 of the Dungeon.
             The game lasted 00:04:22 (449 turns).

tidbits the Charmwright (Gnoll Skald)                Turns: 449, Time: 00:04:22

Health: -1/38      AC:  3    Str: 14    XL:     4   Next: 55%
Magic:  4/11       EV: 15    Int: 16    God:
Gold:   82         SH:  0    Dex: 20    Spells: 2/13 levels left

rFire    . . .     SeeInvis .   a - +0 hand axe
rCold    . . .     Gourm    .   (no shield)
rNeg     . . .     Faith    .   b - +0 leather armour
rPois    .         Spirit   .   (no helmet)
rElec    .         Reflect  .   (no cloak)
rCorr    .         Harm     .   (no gloves)
MR       .....                  (no boots)
Stlth    ++........             (no amulet)
HPRegen  0.12/turn              X - +6 ring of dexterity
MPRegen  0.12/turn              (no ring)

@: no status effects
A: distributed training, fangs 1, strong nose
a: no special abilities


You were on level 3 of the Dungeon.
You were not hungry.

You visited 1 branch of the dungeon, and saw 3 of its levels.

You collected 82 gold pieces.

Inventory:

Hand Weapons
 a - a +0 hand axe (weapon)
 j - a +0 mace
Missiles
 e - 9 arrows
Armour
 b - a +0 leather armour (worn)
Jewellery
 X - a +6 ring of dexterity (left hand)
   (You found it on level 1 of the Dungeon)
Scrolls
 f - a scroll of teleportation {unknown}
 i - 2 scrolls of noise {unknown}
Books
 c - a book of Battle

   Spells                             Type                      Level
   a - Infusion                       Charms                       1
   b - Shroud of Golubria             Charms/Translocation         2
   c - Song of Slaying                Charms                       2
   d - Spectral Weapon                Hexes/Charms                 3
   e - Regeneration                   Charms/Necromancy            3
Comestibles
 d - a bread ration
 g - 2 fruits


   Skills:
 + Level 4.6 Fighting
 + Level 1.1 Short Blades
 + Level 1.1 Long Blades
 + Level 4.6 Axes
 + Level 1.1 Maces & Flails
 + Level 1.1 Polearms
 + Level 1.1 Staves
 + Level 1.1 Slings
 + Level 1.1 Bows
 + Level 1.1 Crossbows
 + Level 1.1 Throwing
 + Level 2.7 Armour
 + Level 4.6 Dodging
 + Level 1.1 Stealth
 + Level 1.1 Shields
 + Level 1.1 Unarmed Combat
 + Level 5.1 Spellcasting
 + Level 1.1 Conjurations
 + Level 1.1 Hexes
 + Level 6.6 Charms
 + Level 1.1 Summonings
 + Level 1.1 Necromancy
 + Level 1.1 Translocations
 + Level 1.1 Transmutations
 + Level 1.1 Fire Magic
 + Level 1.1 Ice Magic
 + Level 1.1 Air Magic
 + Level 1.1 Earth Magic
 + Level 1.1 Poison Magic
 + Level 1.1 Invocations
 + Level 1.1 Evocations


You had 2 spell levels left.
You knew the following spells:

 Your Spells              Type           Power        Failure   Level  Hunger
g - Shroud of Golubria    Chrm/Tloc      ###.......   5%          2    #......
i - Infusion              Chrm           ####         1%          1    None
r - Regeneration          Chrm/Necr      ###.......   11%         3    ###....
w - Spectral Weapon       Hex/Chrm       ###.....     11%         3    ###....
y - Song of Slaying       Chrm           ####....     1%          2    #......


Dungeon Overview and Level Annotations

Branches:
Dungeon (3/15)

Altars:


Innate Abilities, Weirdness & Mutations

Your experience applies equally to all skills.
You have very sharp teeth.
Your uncanny sense of smell can sniff out nearby items.


Message History

You swap places.
The orc hits you with a hand axe.
The orc hits your spectral weapon but does no damage.
You closely miss the orc.
Your spectral weapon hits the orc!
You kill the orc!
Your Short Blades skill increases to level 1!
Your Long Blades skill increases to level 1!
Your Maces & Flails skill increases to level 1!
Your Polearms skill increases to level 1!
Your Staves skill increases to level 1!
Your Slings skill increases to level 1!
Your Bows skill increases to level 1!
Your Crossbows skill increases to level 1!
Your Throwing skill increases to level 1!
Your Stealth skill increases to level 1!
Your Shields skill increases to level 1!
Your Unarmed Combat skill increases to level 1!
Your Conjurations skill increases to level 1!
Your Hexes skill increases to level 1!
Your Summonings skill increases to level 1!
Your Necromancy skill increases to level 1!
Your Translocations skill increases to level 1!
Your Transmutations skill increases to level 1!
Your Fire Magic skill increases to level 1!
Your Ice Magic skill increases to level 1!
Your Air Magic skill increases to level 1!
Your Earth Magic skill increases to level 1!
Your Poison Magic skill increases to level 1!
Your Invocations skill increases to level 1!
Your Evocations skill increases to level 1!
Things that are here:
a hand axe; a leather armour; an orc corpse An orc comes into view.
It is wielding a hand axe.
An orc comes into view. It is wielding a dagger.
The orc shouts! x2
An orc priest comes into view. It is wielding a falchion.
Found a scroll labeled YLAORU VADE.
You barely miss the orc. You bite the orc.
The orc is lightly wounded.
The orc closely misses you.
The orc hits your spectral weapon but does no damage.
Your spectral weapon hits the orc.
Your spectral weapon completely misses the orc.
You closely miss the orc. You hit the orc.
Your spectral weapon hits the orc!
You kill the orc!
Your spectral weapon completely misses the orc.
The orc misses you.
The orc hits your spectral weapon but does no damage.
You hit the orc but do no damage.
The orc is severely wounded.
Your spectral weapon hits the orc.
You kill the orc!
You have reached level 4!
You feel stronger.
Your spectral weapon hits the orc priest.
The orc priest hits your spectral weapon but does no damage.
You swap places.
The orc priest calls down the wrath of Beogh upon you.
Beogh smites you!
You see here a dagger.
You hit the orc priest.
You bite the orc priest, but do no damage.
The orc priest is almost dead.
Your spectral weapon hits the orc priest.
You kill the orc priest!
Unknown command.
You swap places.
Things that are here:
a hand axe; a ring mail; an orc corpse
Things that are here:
a falchion; an orc corpse Your spectral weapon fades away.
Found an escape hatch in the floor.
i - 2 scrolls labeled YLAORU VADE (gained 1)
An orc comes into view. It is wielding a short sword.
The orc shouts!
You hear a shout!
Found a meat ration and a glowing robe.
An orc comes into view. It is wielding a mace.
A frilled lizard comes into view.
An orc priest comes into view. It is wielding a trident.
The orc priest shouts!
The frilled lizard hisses angrily.
You hit the orc.
The orc is almost dead.
The orc hits you but does no damage.
Casting: Spectral Weapon
Confirm with . or Enter, or press ? or * to list all spells.
You draw out your weapon's spirit!
The orc hits you with a short sword.
You hit the orc.
You kill the orc!
You hit the frilled lizard.
You kill the frilled lizard!
The orc priest invokes the aid of Beogh against you.
Beogh smites you!
* * * LOW HITPOINT WARNING * * *
The orc hits you with a mace.
* * * LOW HITPOINT WARNING * * *
Things that are here:
a short sword; an orc corpse It was a potion of curing.
You feel better. The orc misses you.
The orc priest mumbles some strange prayers to Beogh against you.
Beogh smites you!
You die...

.#.#.# .# .#.#.# #.#
.#.#.# ... .#.#.# #.##
.#.#.# ...# ∆ .#.#.#
#..# ####
.#.#.###########..#[....
)..............)oo......
...............(@..%....
.#.#####################
.#.# .#.# .#.# .#.# .#.#
.#>#


You could see an orc priest, an orc and a friendly spectral hand axe.

Vanquished Creatures
  An orc priest (D:3)
  2 adders (D:2)
  A dart slug (D:2)
  A leopard gecko (D:1)
  5 orcs (D:3)
  5 hobgoblins
  A jackal (D:1)
  8 bats
  4 frilled lizards
  3 goblins
  A kobold (D:2)
  4 rats
36 creatures vanquished.

Notes
Turn   | Place    | Note
-------+----------+-------------------------------------------
     0 | D:1      | tidbits the Gnoll Skald began the quest for the Orb.
     0 | D:1      | Reached XP level 1. HP: 20/20 MP: 6/6
     1 | D:1      | Noticed an electric eel
    96 | D:1      | Reached XP level 2. HP: 26/26 MP: 1/7
   101 | D:1      | Learned a level 2 spell: Song of Slaying
   104 | D:1      | Learned a level 2 spell: Shroud of Golubria
   210 | D:2      | Reached skill level 5 in Spellcasting
   210 | D:2      | Reached XP level 3. HP: 14/31 MP: 1/9
   217 | D:2      | Learned a level 3 spell: Regeneration
   221 | D:2      | Learned a level 3 spell: Spectral Weapon
   407 | D:3      | Reached skill level 1 in Short Blades
   407 | D:3      | Reached skill level 1 in Long Blades
   407 | D:3      | Reached skill level 1 in Maces & Flails
   407 | D:3      | Reached skill level 1 in Polearms
   407 | D:3      | Reached skill level 1 in Staves
   407 | D:3      | Reached skill level 1 in Slings
   407 | D:3      | Reached skill level 1 in Bows
   407 | D:3      | Reached skill level 1 in Crossbows
   407 | D:3      | Reached skill level 1 in Throwing
   407 | D:3      | Reached skill level 1 in Stealth
   407 | D:3      | Reached skill level 1 in Shields
   407 | D:3      | Reached skill level 1 in Unarmed Combat
   407 | D:3      | Reached skill level 1 in Conjurations
   407 | D:3      | Reached skill level 1 in Hexes
   407 | D:3      | Reached skill level 1 in Summonings
   407 | D:3      | Reached skill level 1 in Necromancy
   407 | D:3      | Reached skill level 1 in Translocations
   407 | D:3      | Reached skill level 1 in Transmutations
   407 | D:3      | Reached skill level 1 in Fire Magic
   407 | D:3      | Reached skill level 1 in Ice Magic
   407 | D:3      | Reached skill level 1 in Air Magic
   407 | D:3      | Reached skill level 1 in Earth Magic
   407 | D:3      | Reached skill level 1 in Poison Magic
   407 | D:3      | Reached skill level 1 in Invocations
   407 | D:3      | Reached skill level 1 in Evocations
   424 | D:3      | Reached XP level 4. HP: 31/38 MP: 4/11
   449 | D:3      | Killed from afar by an orc priest

Vault maps used:
D:1:      arrival_aquarium_a, minivault_27
D:2:      nicolae_ru_the_path_less_chosen
D:3:      nicolae_overflow_crystal_walls, uniq_natasha

Skill      XL: |  1  2  3 |
---------------+----------+-----
Spellcasting   | 5 |  5.1
Short Blades   | 1 |  1.1
Long Blades    | 1 |  1.1
Maces & Flails | 1 |  1.1
Polearms       | 1 |  1.1
Staves         | 1 |  1.1
Slings         | 1 |  1.1
Bows           | 1 |  1.1
Crossbows      | 1 |  1.1
Throwing       | 1 |  1.1
Stealth        | 1 |  1.1
Shields        | 1 |  1.1
Unarmed Combat | 1 |  1.1
Conjurations   | 1 |  1.1
Hexes          | 1 |  1.1
Summonings     | 1 |  1.1
Necromancy     | 1 |  1.1
Translocations | 1 |  1.1
Transmutations | 1 |  1.1
Fire Magic     | 1 |  1.1
Ice Magic      | 1 |  1.1
Air Magic      | 1 |  1.1
Earth Magic    | 1 |  1.1
Poison Magic   | 1 |  1.1
Invocations    | 1 |  1.1
Evocations     | 1 |  1.1
Fighting       | |  4.6
Axes           | |  4.6
Armour         | |  2.7
Dodging        | |  4.6
Charms         | |  6.6

Action                   |  1- 3 |  4- 6 || total
-------------------------+-------+-------++-------
Melee: Hand axe          |    70 |     3 ||    73
       Bite              |     5 |     1 ||     6
       Punch             |     1 |       ||     1
 Cast: Infusion          |     7 |       ||     7
       Shroud of Golubri |     1 |       ||     1
       Spectral Weapon   |     1 |     1 ||     2
       Regeneration      |     1 |       ||     1
  Use: Potion            |       |     1 ||     1
 Stab: Sleeping          |     3 |       ||     3
Armor: Leather armour    |    14 |     1 ||    15
Dodge: Dodged            |    60 |     1 ||    61

Table legend:
 A = Spawn XP
 B = Non-spawn XP
 C = Spawn XP percentage of total XP
 D = Spawn monster count
 E = Non-spawn monster count
 F = Spawn count percentage of total count
 G = Total turns spent on level
                    A         B        C        D         E        F      G
               +---------+---------+-------+---------+---------+-------+---------
         Total |       0 |     128 |   0.0 |       0 |      36 |   0.0 |   449
               +---------+---------+-------+---------+---------+-------+---------
           D:1 |       0 |      15 |   0.0 |       0 |      10 |   0.0 |   162
           D:2 |       0 |      47 |   0.0 |       0 |      14 |   0.0 |   179
           D:3 |       0 |      66 |   0.0 |       0 |      12 |   0.0 |   108
               +---------+---------+-------+---------+---------+-------+---------

Table legend:
 A = Turns spent in this place as a percentage of turns spent in the entire game.
 B = Non-inter-level travel turns spent in this place as a percentage of non-inter-level travel turns spent in the entire game.
 C = Inter-level travel turns spent in this place as a percentage of turns spent in this place.
 D = Turns resting spent in this place as a percentage of non-inter-level travel turns spent in this place.
 E = Turns spent auto-exploring this place as a percentage of non-inter-level travel turns spent in this place.
 F = Non-inter-level travel turns spent in this place divided by the number of levels of this place that you've seen.
                   A       B       C       D       E      F
               +-------+-------+-------+-------+-------+----------------------
         Total | 100.0 | 100.0 |   0.0 |   0.0 |   0.0 | 149.7
       Dungeon | 100.0 | 100.0 |   0.0 |   0.0 |   0.0 | 149.7
               +-------+-------+-------+-------+-------+----------------------

Table legend:
 A = Kills in this place as a percentage of kills in entire the game.
 B = Kills by you in this place as a percentage of kills by you in the entire game.
 C = Kills by friends in this place as a percentage of kills by friends in the entire game.
 D = Other kills in this place as a percentage of other kills in the entire game.
 E = Experience gained in this place as a percentage of experience gained in the entire game.
 F = Experience gained in this place divided by the number of levels of this place that you have seen.
                   A       B       C       D       E      F
               +-------+-------+-------+-------+-------+----------------------
         Total | 100.0 | 100.0 |   N/A |   N/A | 100.0 |  42.7
       Dungeon | 100.0 | 100.0 |   N/A |   N/A | 100.0 |  42.7
               +-------+-------+-------+-------+-------+----------------------

Vault maps used:
D:1:      arrival_aquarium_a, minivault_27
D:2:      nicolae_ru_the_path_less_chosen
D:3:      nicolae_overflow_crystal_walls, uniq_natasha
